AoeStats
← 市委书记李达康

Nomad

509122389Analyzed
3v3 RM · 7d ago on Sep 25, 2026· 50m 33s· 6 players
Game mode
Random Map
Map size
210×210
Population
200
Speed
Normal
Resources
Standard
Victory
Conquest
Starting age
Dark Age
Ending age
Imperial Age
RankedLock teamsTeams togetherTeam positionsShared explorationLock speedFull tech treeHidden civsTurbo modeCheats
Victory
Defeat
🇨🇳 Persians · China
1333
+9
1124
+17
🇨🇳 Huns · China
1095
+19
🇬🇧 Britons · United Kingdom
1178
-16
🇪🇸 Gurjaras · Spain
1161
-15
🇪🇸 Chinese · Spain
1149
-14
NYK
10:46 Loom
13:49 Feudal Age
14:27 Double-Bit Axe
16:20 Gold Mining
17:14 Fishing Lines
17:44 Fletching
21:46 Castle Age
21:17 Padded Archer Armor
23:02 Medium Warships
22:43 Gillnets
22:50 Bodkin Arrow
23:13 Leather Archer Armor
22:23 Crossbowman
24:36 Wheelbarrow
24:51 Bow Saw
25:52 Ballistics
25:48 Town Watch
28:13 Wheelbarrow
28:32 Gold Shaft Mining
30:24 Hand Cart
31:38 Horse Collar
32:53 Heavy Plow
37:05 Imperial Age
34:36 Town Patrol
36:54 Murder Holes
37:10 Masonry
38:03 Arbalester
38:45 Bracer
39:16 Ring Archer Armor
39:09 Yeomen
39:11 Conscription
39:48 Warwolf
40:23 Hoardings
43:00 Chemistry
42:32 Architecture
42:31 Siege Engineers
46:53 Scale Mail Armor
47:04 Forging
46:16 Pikeman
46:56 Squires
46:43 Arson
Agapito di Sousa
6:37 Loom
15:03 Feudal Age
16:28 Fishing Lines
16:52 Double-Bit Axe
19:09 Castle Age
17:36 Fletching
17:47 Padded Archer Armor
19:52 Bodkin Arrow
20:12 Leather Archer Armor
20:11 Bloodlines
20:02 Husbandry
19:51 Horse Collar
21:36 Gillnets
22:03 Bow Saw
24:33 Wheelbarrow
24:21 Fervor
26:30 Hand Cart
27:13 Ballistics
27:33 Horse Collar
31:55 Imperial Age
31:04 Masonry
30:34 Treadmill Crane
31:08 Masonry
32:30 Scale Barding Armor
32:36 Forging
32:32 Heavy Camel Rider
33:53 Chain Barding Armor
35:04 Thumb Ring
35:24 Town Watch
36:37 Iron Casting
36:38 Plate Barding Armor
43:44 Elite Elephant Archer
44:41 Bracer
46:58 Elite Shrivamsha Rider
MalSofrit
3:18 Loom
14:15 Feudal Age
15:25 Double-Bit Axe
23:34 Castle Age
22:10 Fletching
24:11 Fishing Lines
25:28 Gillnets
25:58 Bow Saw
25:52 Crossbowman
26:38 Thumb Ring
26:32 Bodkin Arrow
27:02 Horse Collar
32:46 Imperial Age
30:52 Wheelbarrow
30:04 Town Watch
30:54 Ballistics
31:38 Padded Archer Armor
32:03 Pikeman
32:43 Squires
32:30 Arson
33:19 Scale Mail Armor
33:29 Forging
32:52 Elite Fire Lancer
37:46 Chain Mail Armor
45:41 Iron Casting
45:56 Plate Mail Armor
46:18 Gold Mining
市委书记李达康
4:24 Loom
16:06 Feudal Age
16:46 Double-Bit Axe
17:48 Wheelbarrow
19:50 Horse Collar
22:43 Castle Age
22:55 Stone Mining
29:00 Bow Saw
28:52 Heavy Plow
30:01 Stone Shaft Mining
30:17 Gold Mining
31:07 Hand Cart
35:53 Imperial Age
33:53 Fletching
34:04 Padded Archer Armor
34:30 Ballistics
34:21 Fortified Wall
33:52 Treadmill Crane
34:07 Town Watch
36:12 Thumb Ring
37:34 Two-Man Saw
37:01 Pikeman
37:42 Squires
39:16 Bodkin Arrow
39:37 Leather Archer Armor
39:02 Elite Rattan Archer
41:38 Hoardings
42:57 Paper Money
44:28 Chemistry
43:10 Elite Skirmisher
44:29 Forging
44:19 Scale Mail Armor
44:20 Bracer
44:51 Ring Archer Armor
44:27 Imperial Skirmisher
45:24 Bracer
47:12 Halberdier
48:57 Crop Rotation
49:18 Iron Casting
48:59 Chain Mail Armor
省委高育良
4:24 Loom
14:03 Feudal Age
19:22 Castle Age
17:05 Horse Collar
17:32 Double-Bit Axe
21:08 Bow Saw
22:06 Heavy Plow
24:31 Gold Mining
24:39 Stone Mining
26:34 Gold Shaft Mining
31:09 Imperial Age
30:31 Marauders
30:45 Forging
30:40 Scale Barding Armor
31:57 Husbandry
32:08 Bloodlines
32:34 Conscription
32:51 Wheelbarrow
33:44 Two-Man Saw
32:35 Elite Tarkan
34:07 Iron Casting
33:52 Chain Barding Armor
35:50 Blast Furnace
35:24 Hand Cart
36:51 Plate Barding Armor
36:18 Padded Archer Armor
38:11 Fletching
37:43 Light Cavalry
39:03 Parthian Tactics
37:58 Heavy Cavalry Archer
38:44 Thumb Ring
38:38 Hussar
40:09 Ballistics
40:50 Chemistry
39:49 Bodkin Arrow
40:10 Leather Archer Armor
40:59 Bracer
46:00 Capped Ram
47:31 Siege Ram
天南第一剑修
5:57 Loom
13:09 Feudal Age
18:36 Castle Age
17:37 Horse Collar
22:17 Double-Bit Axe
22:43 Town Watch
23:11 Bow Saw
23:37 Gold Mining
27:29 Stone Mining
29:00 Wheelbarrow
31:31 Imperial Age
29:52 Hand Cart
30:23 Gold Shaft Mining
32:07 Bloodlines
31:20 Cavalier
32:08 Scale Barding Armor
32:13 Forging
32:36 Bloodlines
32:26 Husbandry
32:35 Heavy Plow
33:14 Savar
34:34 Chain Barding Armor
36:12 Plate Barding Armor
36:44 Conscription
37:31 Stone Shaft Mining
37:37 Iron Casting
38:33 Ballistics
39:13 Chemistry
38:10 Fletching
39:06 Masonry
40:08 Blast Furnace
38:36 Crossbowman
39:22 Thumb Ring
41:15 Light Cavalry
41:56 Bodkin Arrow
42:02 Scale Mail Armor
42:04 Padded Archer Armor
42:46 Hussar
43:42 Kamandaran
45:53 Leather Archer Armor
46:22 Architecture
Connection lost

Rejoining the realm…

Still unreachable

The connection could not be restored.

Session expired

The server has moved on; the page needs a fresh start.